 Dungeon Crawl Stone Soup version 0.32-a0-900-g30fb1b0edc (webtiles) character file.

Game seed: 12734405514873139830

102 crimsonchili123 the Covered (level 4, 0/40 HPs)
             Began as a Minotaur Fighter on Apr 5, 2024.
             Slain by a ribbon worm (4 damage)
             ... on level 3 of the Dungeon.
             The game lasted 00:07:32 (1814 turns).

crimsonchili123 the Covered (Minotaur Fighter)      Turns: 1814, Time: 00:07:32

Health: 0/40       AC: 11    Str: 23    XL:     4   Next: 50%
Magic:  3/3        EV:  8    Int:  5    God:
Gold:   96         SH:  4    Dex:  9    Spells: 3/3 levels left

rFire   . . .        a - +0 war axe
rCold   . . .        c - +0 buckler
rNeg    . . .        b - +0 scale mail
rPois   .            (helmet restricted)
rElec   .            j - +0 cloak
rCorr   .            (no gloves)
SInv    .            i - +2 pair of boots
Will    +....        (no amulet) Stlth
                     (no ring)
HPRegen 0.26/turn    (no ring)
MPRegen 0.08/turn

%: no passive effects
@: enlightened, flying
A: horns 2, retaliatory headbutt
a: no special abilities


You were on level 3 of the Dungeon.
You visited 1 branch of the dungeon, and saw 3 of its levels.

You collected 96 gold pieces.

Inventory:

Hand Weapons
 a - a +0 war axe (weapon)
 g - a +0 hand axe
 m - a +2 dagger of electrocution
Missiles
 h - 9 stones (quivered)
Armour
 b - a +0 scale mail (worn)
 c - a +0 buckler (worn)
 e - a +0 pair of boots
 i - a +2 pair of boots (worn)
 j - a +0 cloak (worn)
 o - a +0 barding
Wands
 n - a wand of mindburst (9)
Scrolls
 f - 2 scrolls of teleportation
Potions
 d - a potion of might
 k - a potion of berserk rage


   Skills:
 + Level 4.1 Fighting
 + Level 4.1 Axes
 + Level 4.5 Armour
 + Level 0.4 Dodging
 + Level 4.2 Shields


You had 3 spell levels left.
You didn't know any spells.
Your spell library contained the following spells:

 Spells                   Type           Power      Damage    Failure   Level
 Magic Dart               Conj           0%         1d3       83%         1
 Necrotise                Necr           0%         1d4       83%         1
 Searing Ray              Conj           0%         2d4       93%         2
 Sublimation of Blood     Necr           0%         N/A       93%         2
 Vampiric Draining        Necr           0%         2d6       99%         3
 Fulminant Prism          Conj/Alch      0%         3d5       100%        4
 Martyr's Knell           Necr/Summ      0%         N/A       100%        4
 Petrify                  Alch/Erth      0%         N/A       100%        4
 Curse of Agony           Necr           0%         N/A       100%        5
 Irradiate                Conj/Alch      0%         3d11      100%        5


Dungeon Overview and Level Annotations

Branches:
Dungeon (3/15)

Altars:
Gozag

Portals:
Sewer: D:3


Innate Abilities, Weirdness & Mutations

You have a pair of horns on your head.
You reflexively headbutt those who attack you in melee.


Message History

The giant cockroach bites you but does no damage.
You hit the ribbon worm.
The ribbon worm is almost dead.
You closely miss the ball python.
You hit the giant cockroach but do no damage.
The ball python bites you but does no damage.
The ball python constricts you. You block the giant cockroach's attack.
The ribbon worm bites you but does no damage.
The ball python bites you but does no damage.
The ball python constricts you. You block the giant cockroach's attack.
You hit the ribbon worm.
The ribbon worm is almost dead.
You barely miss the giant cockroach. You barely miss the ball python.
The ball python bites you but does no damage.
The ball python constricts you.
The ribbon worm bites you but does no damage.
You block the giant cockroach's attack.
The ball python bites you but does no damage.
The ball python constricts you.
* * * LOW HITPOINT WARNING * * *
You block the ribbon worm's attack.
You completely miss the ribbon worm. Your headbutt misses the ribbon worm.
The ribbon worm is severely wounded.
You closely miss the giant cockroach. You slash the ball python!
You kill the ball python!
The giant cockroach bites you but does no damage.
The giant cockroach bites you.
* * * LOW HITPOINT WARNING * * *
The ribbon worm bites you.
* * * LOW HITPOINT WARNING * * *
You hit the ribbon worm but do no damage.
The ribbon worm is severely wounded.
You barely miss the giant cockroach. The giant cockroach barely misses you.
The ribbon worm expels a string of sticky webbing.
The stream of webbing hits you but does no damage.
You are caught in a web!
The giant cockroach bites you but does no damage.
The web tears apart.
You block the giant cockroach's attack. The ribbon worm bites you.
You die...

#.........##
#..........#
####...~~~.....
...#..~~~~~....
......~~∩~~.^..
>.....~~~~~.!..
......B~~~$....
#...@w......
#...........
########....
... .


You could see a ribbon worm (catching breath) and a giant cockroach.

Vanquished Creatures
  3 gnolls (D:2)
  4 dart slugs
  A ribbon worm (D:2)
  2 orcs (D:3)
  8 ball pythons
  8 endoplasms
  4 giant cockroaches
  5 hobgoblins
  9 bats
  5 frilled lizards
  2 goblins
  4 kobolds
  7 rats
62 creatures vanquished.

Notes
Turn   | Place    | Note
-------+----------+-------------------------------------------
     0 | D:1      | crimsonchili123 the Minotaur Fighter began the quest for
                  | the Orb.
     0 | D:1      | Reached XP level 1. HP: 19/19 MP: 0/0
   269 | D:1      | Reached XP level 2. HP: 22/27 MP: 1/1
   520 | D:1      | Reached XP level 3. HP: 30/33 MP: 2/2
  1237 | D:2      | Reached XP level 4. HP: 33/40 MP: 3/3
  1268 | D:2      | Found an opulent altar of Gozag.
  1447 | D:2      | Found a faded altar of an unknown god.
  1804 | D:3      | Found a glowing drain.
  1814 | D:3      | Slain by a ribbon worm

Illustrated notes

Levels and vault maps discovered:
D:1:      spicycebolla_arrival_xxxplode, layout_loops_cross,
          minmay_misc_feat_hallway, st_stairs_2
D:2:      layout_basic, basic_altar, nicolae_ecumenical_snake_handling
D:3:      layout_basic, portal_sewer_entry_a, goddamned_bats, uniq_robin

Skill      XL: |  1  2  3  4 |
---------------+-------------+-----
Shields        | 4 |  4.2
Armour         | 4 |  4.5
Fighting       | 4 |  4.1
Axes           | 3 4 |  4.1
Dodging        | |  0.4

Action                     |  1- 3 |  4- 6 || total
---------------------------+-------+-------++-------
  Melee: War axe           |    84 |    27 ||   111
         Headbutt          |     7 |     2 ||     9
    Use: Scroll            |     1 |     1 ||     2
         Potion            |       |     4 ||     4
 Armour: Scale mail        |    88 |    70 ||   158
  Dodge: Dodged            |    40 |    19 ||    59
  Block: Buckler           |    40 |    13 ||    53

Table legend: (Time is in decaauts)
 A = Elapsed time spent in this place.
 B = Non-inter-level travel time spent in this place.
 C = Inter-level travel time spent in this place.
 D = Time resting spent in this place.
 E = Time spent auto-exploring this place.
 F = Levels seen in this place.
 G = Mean time per level.
                   A        B        C        D        E       F      G
               +--------+--------+--------+--------+--------+-----+--------+
         Total |   1863 |   1840 |     23 |     33 |    292 |   3 |  621.0 |
       Dungeon |   1863 |   1840 |     23 |     33 |    292 |   3 |  621.0 |
               +--------+--------+--------+--------+--------+-----+--------+

Top non-repeatable levels by time:
     D:1: 991 daAuts
     D:2: 844 daAuts
     D:3: 28 daAuts
